 Dungeon Crawl Stone Soup version 0.24.0-125-gc4c63601f3 (webtiles) character file.

Game seed: 6301671216297896526, levelgen mode: deterministic

5603 LordColdy the Basher (level 10, -1/88 HPs)
             Began as a Minotaur Berserker on Mar 1, 2020.
             Was a High Priest of Trog.
             Slain by an orc warrior
             ... wielding a +0 trident
              (15 damage)
             ... on level 8 of the Dungeon.
             The game lasted 00:23:27 (8419 turns).

LordColdy the Basher (Minotaur Berserker)           Turns: 8419, Time: 00:23:28

Health: -1/88      AC: 10    Str: 25 (26) XL:     10   Next: 45%
Magic:  12/12      EV: 11    Int:  1 (4)  God:    Trog [*****.]
Gold:   609        SH:  0    Dex: 11      Spells: 9/9 levels left

rFire    x . .     SeeInvis .   s - +2 morningstar (drain)
rCold    + . .     Gourm    .   (no shield)
rNeg     . . .     Faith    .   l - +0 scale mail
rPois    +         Spirit   .   (helmet restricted)
rElec    .         Reflect  .   f - +0 cloak
rCorr    .         Harm     .   (no gloves)
MR       .....                  z - +0 pair of boots
Stlth    +.........             (no amulet)
HPRegen  0.24/turn              m - ring of stealth
MPRegen  0.13/turn              w - ring of ice

@: no status effects
A: retaliatory headbutt, claws 1, horns 2, blurry vision 1, poison resistance,
strong 1, evolution 1
a: Berserk, Trog's Hand, Brothers in Arms, Renounce Religion


You were on level 8 of the Dungeon.
You worshipped Trog.
Trog was extremely pleased with you.
You were hungry.

You visited 1 branch of the dungeon, and saw 8 of its levels.
You also visited: Sewer.

You collected 609 gold pieces.

Inventory:

Hand Weapons
 s - a +2 morningstar of draining (weapon)
Armour
 f - a +0 cloak (worn)
 l - a +0 scale mail (worn)
 z - a +0 pair of boots (worn)
Jewellery
 m - a ring of stealth (left claw)
 w - a ring of ice (right claw)
Wands
 b - a wand of acid (9)
 o - a wand of flame (30)
 q - a wand of scattershot (7)
 y - a wand of digging (7)
Scrolls
 g - 5 scrolls of teleportation {unknown}
 j - 7 scrolls of remove curse {unknown}
 k - 8 scrolls of identify {unknown}
 n - a scroll of enchant armour
Potions
 a - 2 potions of lignification
 d - a potion of heal wounds
 e - a potion of mutation
 h - a potion of haste
 i - 5 potions of curing
 r - a potion of flight
 u - a potion of degeneration
 x - 2 potions of might
Comestibles
 c - 17 rations


   Skills:
 + Level 7.9 Fighting
 * Level 14.1 Maces & Flails
 + Level 7.4 Armour
 - Level 2.1 Dodging
 - Level 5.0 Evocations


You had 9 spell levels left.
You didn't know any spells.
Your spell library was empty.

Dungeon Overview and Level Annotations

Branches:
Dungeon (8/15)             Temple (0/1) D:4           Sewer (visited)
   Lair: D:8-11

Altars:
Dithmenos
Elyvilon
Hepliaklqana
Makhleb
Okawaru
Ru
Vehumet
Wu Jian

Annotations:
D:4 1 runed translucent door, jf82's ghost, amateur HOMo


Innate Abilities, Weirdness & Mutations

You reflexively headbutt those who attack you in melee.
You have a pair of horns on your head.
You have sharp fingernails.
Scrolls take you a little longer to read.
Your system is resistant to poisons. (rPois)
Your muscles are strong. (Str +2)
You evolve.


Message History

You cannot see that place. (Key replay ran out of keys)
Okay, then.
The orc warrior closely misses you.
There is an open door here.
Things that are here:
a +0 flail; an orc corpse The orc priest looks encouraged for a moment.
There is an open door here.
Okay, then.
Okay, then.
The orc warrior hits you with a +0 trident!
* * * LOW HITPOINT WARNING * * *
Okay, then.
It was a potion of curing.
You feel better. The orc hits you but does no damage.
The orc knight roars a battlecry!
The orcs go into a battle-frenzy!
The orc warrior hits you with a +0 trident!
You die...

##.#....≈≈≈.#.#....###)######
##..#.P..≈≈≈.#.#..o.#%#o.oo.o..
#...#....≈≈≈.#.###o##(#ooo.....
#...#....≈≈≈.#.).o..#$#.......o
#...#....≈≈≈.#.o....#.+.......o
##..#....≈≈≈.#.################
##.#....≈≈≈.#.#...........#...
###..#....≈≈≈.#oo...........'...
##.##.#...P≈≈###@#...........#...
...#..#....≈≈#.o.#############'))
....#.#)...≈≈#...#...............
...####....≈≈#####≈≈≈≈≈≈≈≈≈≈≈≈...
...##.#....≈≈≈≈≈≈≈≈≈≈≈≈≈≈≈≈≈≈≈...
......#....≈≈≈≈≈≈≈≈≈≈≈≈≈≈≈≈≈≈≈...
#.....#.....P....................
##...............................
##.....(..............#....[.....


You could see an orc knight, an orc warrior, an orc priest and an orc.

Vanquished Creatures
  An orc knight (D:8)
  Grinder (D:3)
  Sigmund (D:2)
  A steam dragon (D:8)
  13 wargs (D:8)
  Duvessa (D:6)
  Purgy (Sewer)
  4 orc warriors
  A phantom (D:4)
  A sky beast (D:6)
  4 ogres
  4 centaurs
  7 bullfrogs
  A scorpion (D:8)
  Dowan (D:6)
  A howler monkey (D:6)
  An electric eel (D:6)
  3 crimson imps
  A hound (D:4)
  A jelly (D:5)
  A bullfrog skeleton (D:4)
  7 orc priests
  6 orc wizards
  A human zombie (D:8)
  An iguana (D:6)
  7 worker ants
  A killer bee zombie (D:7)
  9 adders
  7 gnolls
  2 shadow imps
  2 adder skeletons
  A worm (D:2)
  A dart slug (D:1)
  2 leopard geckos (D:5)
  49 orcs
  8 bats
  8 giant cockroaches
  8 goblins
  8 hobgoblins
  11 jackals
  7 kobolds
  5 quokkas
  4 ball pythons
  4 frilled lizards
  A quokka zombie (D:6)
  10 rats
  A rat zombie (D:8)
221 creatures vanquished.

Vanquished Creatures (others)
  3 toadstools (D:4)
3 creatures vanquished.

Grand Total: 224 creatures vanquished

Notes
Turn   | Place    | Note
-------+----------+-------------------------------------------
     0 | D:1      | LordColdy the Minotaur Berserker began the quest for the
                  | Orb.
     0 | D:1      | Reached XP level 1. HP: 19/19 MP: 0/0
   106 | D:1      | Reached skill level 4 in Maces & Flails
   172 | D:1      | Reached XP level 2. HP: 26/26 MP: 1/1
   494 | D:1      | Reached skill level 5 in Maces & Flails
   598 | D:2      | Reached ** piety under Trog
   625 | D:2      | Reached XP level 3. HP: 31/31 MP: 2/2
   684 | D:2      | Noticed Sigmund
   694 | D:2      | Killed Sigmund
   694 | D:2      | Reached skill level 7 in Maces & Flails
   694 | D:2      | Reached XP level 4. HP: 37/39 MP: 3/3
   694 | D:2      | Reached XP level 5. HP: 43/45 MP: 4/4
  1078 | D:3      | Reached skill level 8 in Maces & Flails
  1083 | D:3      | Reached XP level 6. HP: 23/51 MP: 5/5
  1719 | D:3      | Noticed Grinder
  1723 | D:3      | Paralysed by Grinder for 3 turns
  1750 | D:3      | Killed Grinder
  1750 | D:3      | Reached skill level 9 in Maces & Flails
  1750 | D:3      | Reached XP level 7. HP: 26/57 MP: 6/6
  2366 | D:4      | Reached skill level 10 in Maces & Flails
  2370 | D:4      | Reached *** piety under Trog
  2481 | D:4      | Found a white marble altar of Elyvilon.
  2614 | D:4      | Found a staircase to the Ecumenical Temple.
  2730 | D:4      | Found an iron altar of Okawaru.
  2786 | D:4      | Reached skill level 11 in Maces & Flails
  2851 | D:4      | Found a runed translucent door.
  2853 | D:4      | Noticed jf82's ghost (amateur HOMo)
  3071 | D:5      | Entered Level 5 of the Dungeon
  3142 | D:5      | Reached XP level 8. HP: 51/66 MP: 7/7
  3143 | D:5      | Reached skill level 1 in Evocations
  3301 | D:5      | Found a glowing drain.
  3314 | Sewer    | Entered a sewer
  3366 | Sewer    | Noticed Purgy
  3372 | Sewer    | Killed Purgy
  3372 | Sewer    | Reached **** piety under Trog
  4689 | D:6      | Reached skill level 5 in Fighting
  4832 | D:6      | Reached skill level 12 in Maces & Flails
  5254 | D:6      | Reached XP level 9. HP: 74/74 MP: 10/10
  5371 | D:6      | Noticed Dowan
  5371 | D:6      | Noticed Duvessa
  5399 | D:6      | Killed Dowan
  5433 | D:6      | Killed Duvessa
  5433 | D:6      | Reached skill level 5 in Armour
  5750 | D:6      | Found a sacrificial altar of Ru.
  5750 | D:6      | Found a hazy altar of Hepliaklqana.
  5752 | D:6      | Found a radiant altar of Vehumet.
  5790 | D:6      | Found a burning altar of Makhleb.
  6634 | D:8      | Reached skill level 13 in Maces & Flails
  6852 | D:8      | Noticed an orc knight
  7005 | D:8      | Killed an orc knight
  7005 | D:8      | Reached ***** piety under Trog
  7146 | D:8      | Reached XP level 10. HP: 50/86 MP: 12/12
  7284 | D:8      | Found a shadowy altar of Dithmenos.
  7490 | D:8      | Found an ornate altar of the Wu Jian Council.
  7523 | D:8      | Gained mutation: You evolve. [potion of mutation]
  7523 | D:8      | Gained mutation: Scrolls take you a little longer to read.
                  | [potion of mutation]
  7523 | D:8      | Gained mutation: You have sharp fingernails. [potion of
                  | mutation]
  7523 | D:8      | Gained mutation: Your system is resistant to poisons.
                  | (rPois) [potion of mutation]
  7989 | D:8      | Reached skill level 14 in Maces & Flails
  7989 | D:8      | Reached skill level 5 in Evocations
  8372 | D:8      | Gained mutation: Your muscles are strong. (Str +2)
                  | [evolution]
  8387 | D:8      | Noticed an orc knight
  8419 | D:8      | Slain by an orc warrior

Levels and vault maps discovered:
D:1:      eino_arrival_cavern_d, layout_basic
D:2:      layout_rooms, grunt_ministairs_8, uniq_sigmund
D:3:      layout_basic, mrwooster_statue_mirror, uniq_grinder
D:4:      layout_basic, elyvilon_altar_3, kennysheep_mini_moat,
          minmay_temple_entry_drinking_statues, first_ration,
          ebering_ghost_sewer_d, minmay_gold_behind_fungi
D:5:      layout_layer_cave, portal_sewer_entry_b
D:6:      wad_river_or_something, layout_loops_ring, lightli_temple_of_fire,
          nicolae_overflow_hidden_temple, uniq_duvessa
D:7:      layout_loops_cross
D:8:      lemuel_castle_with_subvaults [lemuel_castle_interior_carwin_1],
          layout_cave_pools, overflow_temple_1_default,
          grunt_dithmenos_smoke_and_mirrors, enter_ossuary_3

Skill      XL: |  1  2  3  4  5  6  7  8  9 10 |
---------------+-------------------------------+-----
Maces & Flails | 4 5 7 8 9 11 12 13 14 | 14.1
Fighting       | 4 5 7 |  7.9
Evocations     | 2 4 5 |  5.0
Armour         | 4 6 7 |  7.4
Dodging        | |  2.1

Action                   |  1- 3 |  4- 6 |  7- 9 | 10-12 || total
-------------------------+-------+-------+-------+-------++-------
Melee: Mace              |    54 |    34 |       |       ||    88
       Headbutt          |    10 |     9 |    42 |    11 ||    72
       Morningstar       |       |    28 |   297 |    83 ||   408
Invok: Berserk           |     1 |     2 |     4 |       ||     7
Evoke: Wand              |       |       |     2 |     3 ||     5
  Use: Potion            |       |     1 |       |    12 ||    13
       Scroll            |       |       |     8 |       ||     8
  Eat: Chunk             |       |     5 |    18 |     3 ||    26
       Ration            |       |       |     1 |       ||     1
Armor: Ring mail         |    18 |    18 |     4 |       ||    40
       Scale mail        |       |       |   112 |    28 ||   140
Dodge: Dodged            |    35 |    38 |   168 |    52 ||   293
